 Dungeon Crawl Stone Soup version 0.29.1-15-g9cfb28693d (webtiles) character file.

Game seed: 9596360805521778878

694 Ijustatesigmund the Conjurer (level 7, -5/39 HPs)
             Began as a Gargoyle Earth Elementalist on Apr 27, 2023.
             Slain by an ogre
             ... wielding a +0 giant spiked club
              (29 damage)
             ... on level 5 of the Dungeon.
             The game lasted 00:12:06 (4964 turns).

Ijustatesigmund the Conjurer (GrEE)                 Turns: 4964, Time: 00:12:07

Health: -5/39      AC:  7    Str: 12    XL:     7   Next: 64%
Magic:  4/14       EV: 11    Int: 23    God:
Gold:   139        SH:  0    Dex: 10    Spells: 12/16 levels left

rFire   . . .      SeeInvis .   d - +0 morningstar
rCold   + . .      Faith    .   (no shield)
rNeg    + . .      Spirit   .   a - +0 robe
rPois   ∞          Reflect  .   (no helmet)
rElec   +          Harm     .   (no cloak)
rCorr   .          Rampage  .   g - +0 pair of gloves
Will    .....                   (no boots)
Stlth   ++........              (no amulet)
HPRegen 0.13/turn               i - ring of protection from cold
MPRegen 0.14/turn               o - +6 ring of intelligence

@: no status effects
A: sickness immunity, AC +4, negative energy resistance 1, electricity
resistance, torment resistance 1, petrification resistance
a: no special abilities


You were on level 5 of the Dungeon.
You visited 1 branch of the dungeon, and saw 5 of its levels.

You collected 258 gold pieces.
You spent 119 gold pieces at shops.

Inventory:

Hand Weapons
 d - a +0 morningstar (weapon)
Armour
 a - a +0 robe (worn)
 g - a +0 pair of gloves (worn)
Magical Staves
 c - a staff of fire
 e - a staff of poison
Jewellery
 i - a ring of protection from cold (left hand)
 j - a ring of ice
 o - a +6 ring of intelligence (right hand)
Scrolls
 h - a scroll of poison
 m - a scroll of identify
 p - a scroll of teleportation
 r - a scroll of magic mapping
Potions
 b - a potion of magic
 f - a potion of lignification
 k - a potion of haste
 l - 3 potions of brilliance
 n - a potion of invisibility
 t - a potion of attraction


   Skills:
 - Level 1.7 Fighting
 + Level 2.1 Maces & Flails
 - Level 1.5 Dodging
 - Level 2.1 Stealth
 + Level 5.1 Spellcasting
 + Level 5.2 Conjurations
 - Level 0.7 Transmutations
 - Level 4.3 Earth Magic


You had 12 spell levels left.
You knew the following spells:

 Your Spells              Type           Power      Damage    Failure   Level
a - Sandblast             Erth           50%        2d12      1%          1
b - Stone Arrow           Conj/Erth      54%        3d10      4%          3

Your spell library contained the following spells:

 Spells                   Type           Power      Damage    Failure   Level
 Passwall                 Tmut/Erth      14%        N/A       4%          2
 Apportation              Tloc           10%        N/A       10%         1
 Necrotise                Necr           20%        1d5       10%         1
 Summon Small Mammal      Summ           20%        N/A       10%         1
 Dazzling Flash           Conj/Hex       34%        N/A       10%         3
 Petrify                  Tmut/Erth      17%        N/A       32%         4
 Passage of Golubria      Tloc           5%         N/A       67%         4
 Agony                    Necr           5%         N/A       95%         5
 Silence                  Hex/Air        2%         N/A       95%         5
 Lehudib's Crystal Spear  Conj/Erth      13%        10d5      100%        8


Dungeon Overview and Level Annotations

Branches:
Dungeon (5/15)
 Temple: D:4-7

Altars:
Dithmenos
Wu Jian
Lugonu

Shops:
D:2 [???[

Portals:
Abyss: D:3


Innate Abilities, Weirdness & Mutations

You are immune to sickness and miasma.
Your stone body is resilient. (AC +4)
You are immune to poison.
You resist negative energy. (rN+)
You are resistant to electric shocks. (rElec)
You are resistant to unholy torment.
You are immune to petrification.


Message History

Your Spellcasting skill increases to level 5!
Your Conjurations skill increases to level 5!
Casting: Stone Arrow (dangerous; 4% risk of failure)
Confirm with . or Enter, or press ? or * to list all spells.
Aiming: Stone Arrow (dangerous; 4% risk of failure)
Press: ? - help, Shift-Dir - straight line, f - orc wizard
Aim: an orc wizard, wielding a +0 dagger and wearing a +0 robe (64% to hit)
The stone arrow hits the orc wizard.
The orc wizard is moderately wounded.
Casting: Stone Arrow (dangerous; 4% risk of failure)
Confirm with . or Enter, or press ? or * to list all spells.
You don't have enough magic to cast this spell.
A hound comes into view.
The orc wizard hits you but does no damage.
You puncture the orc wizard!
The orc wizard is severely wounded.
The orc wizard hits you but does no damage.
The orc wizard casts a spell at you. The magic dart hits you!
You hit the orc wizard.
You kill the orc wizard!
The hound barks!
Your Maces & Flails skill increases to level 2!
The hound bites you but does no damage. The hound bites you.
You closely miss the hound. The hound bites you but does no damage.
The hound closely misses you.
You closely miss the hound. The hound closely misses you.
The orc hits you but does no damage. The hound bites you but does no damage.
The orc hits you but does no damage.
You sock the hound!
The hound is heavily wounded.
The hound closely misses you. The orc hits you but does no damage.
The hound bites you but does no damage.
You sock the hound!
You kill the hound!
The orc hits you with a +0 dagger. The orc misses you.
You barely miss the ogre.
The ogre hits you with a +0 giant spiked club!!
Ouch! That really hurt!
You die...

#... /.....
....... ##
####..##. ..
#..# .. #.
######..#...#
#..#..........
#.....O)...#
#....@o)##o#
#.#####.##.#
#.##.#
#..#.##..#
#..).....#
#.##.###.#
.).##.#
#.#####.. #
....


You could see an ogre and an orc.

Vanquished Creatures
  An orc warrior (D:5)
  A scorpion (D:3)
  A gnoll bouda (D:4)
  2 hounds
  A jelly (D:3)
  An orc priest (D:5)
  2 iguanas (D:4)
  5 orc wizards
  7 adders
  6 gnolls
  An ufetubus (D:4)
  A dart slug (D:1)
  6 orcs
  7 bats
  6 endoplasms
  2 giant cockroaches
  4 hobgoblins
  7 jackals (D:2)
  6 kobolds
  9 quokkas
  6 ball pythons
  2 frilled lizards
  7 goblins
  6 rats
  A lurking horror (D:3)
98 creatures vanquished.

Notes
Turn   | Place    | Note
-------+----------+-------------------------------------------
     0 | D:1      | Ijustatesigmund the Gargoyle Earth Elementalist began the
                  | quest for the Orb.
     0 | D:1      | Reached XP level 1. HP: 10/10 MP: 3/3
   356 | D:1      | Reached XP level 2. HP: 16/16 MP: 3/5
   387 | D:1      | Reached skill level 1 in Fighting
   664 | D:1      | Reached XP level 3. HP: 12/20 MP: 3/6
   865 | D:1      | Found a faded altar of an unknown god.
  1002 | D:2      | Found Ohipnef's Magic Scroll Emporium.
  1321 | D:2      | Learned a level 3 spell: Stone Arrow
  1348 | D:2      | Found Rexzadd's Magic Scroll Emporium.
  1350 | D:2      | Found Cofus's Magic Scroll Boutique.
  1353 | D:2      | Bought a scroll of poison for 44 gold pieces
  1714 | D:2      | Reached skill level 1 in Conjurations
  1714 | D:2      | Reached XP level 4. HP: 13/26 MP: 3/8
  1893 | D:2      | Found Duful's Armour Shoppe.
  2272 | D:2      | Found Xiruomol's Armour Shop.
  2860 | D:3      | Found a shadowy altar of Dithmenos.
  3096 | D:3      | Found an ornate altar of the Wu Jian Council.
  3382 | D:3      | Noticed a scorpion
  3386 | D:3      | Killed a scorpion
  3387 | D:3      | Reached XP level 5. HP: 30/30 MP: 5/10
  3561 | D:3      | Found a one-way gate to the infinite horrors of the Abyss.
  3567 | D:3      | Found a corrupted altar of Lugonu.
  3740 | D:2      | Bought a scroll of magic mapping for 75 gold pieces
  3908 | D:4      | Reached XP level 6. HP: 26/35 MP: 4/12
  4610 | D:4      | Reached XP level 7. HP: 39/39 MP: 11/14
  4846 | D:5      | Entered Level 5 of the Dungeon
  4878 | D:5      | Reached skill level 1 in Maces & Flails
  4954 | D:5      | Reached skill level 5 in Spellcasting
  4954 | D:5      | Reached skill level 5 in Conjurations
  4964 | D:5      | Slain by an ogre

Illustrated notes

Levels and vault maps discovered:
D:1:      mushboom_english_gardens, layout_basic,
          ebering_ecumenical_altar_abandoned
D:2:      layout_basic, serial_shops, shop, shop_statue, shop, shop_statue,
          nicolae_shop_waterfront, minivault_27, minmay_domino_4
D:3:      layout_loops_ring, nzn_wu_jian_council_hall, lemuel_crystal_altar,
          amcnicky_altar_lugonu_corruption
D:4:      layout_basic
D:5:      layout_loops_ring, mainiacjoe_overflow_tiny_flanked,
          uniq_prince_ribbit1

Skill      XL: |  1  2  3  4  5  6  7 |
---------------+----------------------+-----
Fighting       | 1 |  1.7
Earth Magic    | 4 |  4.3
Conjurations   | 1 2 3 4 5 |  5.2
Spellcasting   | 3 4 5 |  5.1
Maces & Flails | 2 |  2.1
Dodging        | |  1.5
Stealth        | |  2.1
Transmutations | |  0.7

Action                   |  1- 3 |  4- 6 |  7- 9 || total
-------------------------+-------+-------+-------++-------
Melee: Whip              |     3 |       |       ||     3
       Mace              |    30 |    10 |       ||    40
       Flail             |       |    24 |       ||    24
       Morningstar       |       |       |    19 ||    19
 Cast: Sandblast         |    44 |    62 |     5 ||   111
       Stone Arrow       |       |     3 |     7 ||    10
  Use: Scroll            |     5 |    13 |       ||    18
       Potion            |       |     1 |       ||     1
Armor: Robe              |    24 |    23 |    22 ||    69
Dodge: Dodged            |    42 |    22 |    41 ||   105
